[Event "Early-Titled-Tuesday-Blitz-January-16-2024"]
[Site "Chess.com"]
[Date "2024.01.16"]
[Round "6"]
[White "profedechess93"]
[Black "Seochesspie"]
[Result "1/2-1/2"]
[WhiteElo "2644"]
[BlackElo "2804"]
[TimeControl "180+1"]
[EndTime "9:10:29 PST"]
[Termination "Game drawn by repetition"]

1. e4 c5 2. Nf3 d6 3. Bb5+ Nd7 4. d4 cxd4 5. Qxd4 a6 6. Bxd7+ Qxd7 7. Bg5 h6 8. Be3 Nf6 9. Nc3 Qc6 10. e5 Ng4 11.
O-O-O Nxe3 12. Qxe3 e6 13. Nd4 Qc4 14. exd6 Bxd6 15.
Nxe6 Bxe6 16. Rxd6 O-O 17. Rhd1 b5 18. Qd4 Qc7 19.
Nd5 Bxd5 20. Qxd5 Rac8 21. Qd3 a5 22. Kb1 Qc5 23. f4 b4 24. g4 a4 25. g5 hxg5 26. Rd5 Qf2 27. Rxg5 Rfd8 28. Qxd8+ Rxd8 29. Rxd8+ Kh7 30. Rh5+ Kg6 31. Rg5+ Kh7 32. Rh5+ Kg6 33. Rg5+ Kf6 34. Rd6+ Ke7 35. Rd1 Qxf4 36. Rxg7 a3 37. Rg3 Qe5 38. bxa3 bxa3 39. Rxa3 Qxh2 40. Re3+ Kf8 41. Rf3 Qb8+ 42. Rb3 Qa7 43. Rf1 Qa6 44. Rbf3 Qb5+ 45. Ka1 Qe5+ 46. Kb1 Qb5+ 47. Ka1 Qe5+ 48. Kb1 Qb5+ 1/2-1/2

[Event "Early-Titled-Tuesday-Blitz-January-16-2024"]
[Site "Chess.com"]
[Date "2024.01.16"]
[Round "6"]
[White "AryanTari"]
[Black "azikom"]
[Result "1-0"]
[WhiteElo "2926"]
[BlackElo "2691"]
[TimeControl "180+1"]
[EndTime "9:10:32 PST"]
[Termination "AryanTari won on time"]

1. e4 e6 2. d4 d5 3. exd5 exd5 4.
Nf3 c6 5. c4 Nf6 6. Nc3 Be7 7.
Bd3 O-O 8. O-O dxc4 9. Bxc4 Bg4 10. Be3 Nbd7 11. h3 Bh5 12. g4 Bg6 13. Ne5 Nxe5 14. dxe5 Ne4 15. Nxe4 Bxe4 16. f3 Bg6 17. f4 Be4 18.
Qa4 Bd3 19. Rad1 b5 20. Bxf7+ Rxf7 21. Qb3 Bc4 22. Rxd8+ Rxd8 23. Qc2 Bxf1 24. Kxf1 Bg5 25. e6 Rff8 26. Qxc6 Bxf4 27. e7 Bxe3+ 28. exf8=Q+ Rxf8+ 29. Ke2 Bb6 30. Qxb5 h6 31. a4 Kh8 32. a5 Bd4 33. b4 Bc3 34. Qc5 Re8+ 35. Kd3 Be1 36. a6 Rd8+ 37. Ke2 Bh4 38. Qxa7 Rd2+ 39. Kxd2 1-0

[Event "Early-Titled-Tuesday-Blitz-January-16-2024"]
[Site "Chess.com"]
[Date "2024.01.16"]
[Round "6"]
[White "AsterPhoenix"]
[Black "NoHeThTo"]
[Result "1-0"]
[WhiteElo "2584"]
[BlackElo "2703"]
[TimeControl "180+1"]
[EndTime "9:10:32 PST"]
[Termination "AsterPhoenix won by checkmate"]

1. e4 c5 2. b4 cxb4 3. a3 d5 4.
exd5 Qxd5 5. Nf3 Nf6 6. axb4 Bg4 7. Nc3 Qe6+ 8. Qe2 Bxf3 9. Qxe6 fxe6 10. gxf3 Nc6 11.
b5 Nd4 12. Kd1 e5 13. Bb2 g6 14. b6 a6 15. Nb5 O-O-O 16. f4 Nxb5 17. Bxb5 axb5 18. fxe5 Bh6 19. exf6 Rxd2+ 20. Ke1 Rxc2 21. Ra8+ Kd7 22. Rxh8 Rxb2 23. fxe7 Kxe7 24. Rxh7+ Kd6 25. Kf1 Bf4 26. Kg2 Kc6 27. Rg7 Kxb6 28. Rxg6+ Ka5 29.
h4 b4 30. h5 Be3 31. Rf6 b3 32. h6 Bd4 33. Rf5+ Kb4 34. h7 Rc2 35. Rf4 Kc5 36.
Rxd4 Kxd4 37. h8=Q+ Kc4 38. Rh4+ Kd3 39. Qd4+ Ke2 40.
Qe3+ Kd1 41. Rh1# 1-0

[Event "Early-Titled-Tuesday-Blitz-January-16-2024"]
[Site "Chess.com"]
[Date "2024.01.16"]
[Round "6"]
[White "WhiteKnight2612"]
[Black "Bigfish1995"]
[Result "0-1"]
[WhiteElo "2868"]
[BlackElo "3038"]
[TimeControl "180+1"]
[EndTime "9:10:33 PST"]
[Termination "Bigfish1995 won by resignation"]

1. d4 Nf6 2. c4 e6 3. Nc3 Bb4 4. Bd2 O-O 5. e3 b6 6. Bd3 Bb7 7. Nge2 Bxg2 8. Rg1 Bf3 9. Rg3 Bh5 10. Qc2 d5 11. O-O-O dxc4 12. Bxc4 Bd6 13. f4 c5 14. e4 cxd4 15. Nb5 Bc5 16. Rdg1 g6 17. e5 a6 18. Nbxd4 Bxd4 19. Nxd4 Qxd4 20. Be3 Qe4 21. exf6 Qxc2+ 22. Kxc2 Nd7 23. Bd4 Rac8 24. Rc3 b5 25. Bd3 Bf3 26. f5 e5 27. Be3 Nxf6 28.
Bh6 Rxc3+ 29. bxc3 Rc8 30. Kb2 Be4 31. Bxe4 Nxe4 32.
fxg6 hxg6 33. Re1 Nc5 34. Re3 f6 35. Ka3 Kf7 36. Rf3 Ne4 37. Kb3 g5 38. Bxg5 Nxg5 0-1

[Event "Early-Titled-Tuesday-Blitz-January-16-2024"]
[Site "Chess.com"]
[Date "2024.01.16"]
[Round "6"]
[White "DvaHrasta"]
[Black "yaguigor"]
[Result "1-0"]
[WhiteElo "2457"]
[BlackElo "2647"]
[TimeControl "180+1"]
[EndTime "9:10:33 PST"]
[Termination "DvaHrasta won on time"]

1. c4 c6 2. e4 d5 3. exd5 cxd5 4. cxd5 Nf6 5. Qa4+ Nbd7 6. Bc4 g6 7. d3 Bg7 8. Nc3 O-O 9. Nf3 a6 10. Qa3 b6 11. O-O Bb7 12. Re1 Re8 13. Bg5 Rc8 14.
d6 e6 15. Bb3 Nc5 16. Rad1 Qxd6 17. Bxf6 Bxf6 18. d4 Bxf3 19. dxc5 Qf4 20. gxf3 Rxc5 21. Qa4 Qxa4 22. Bxa4 b5 23. Ne4 Rf5 24. Bb3 Bxb2 25.
Rd7 Rf8 26. Kg2 a5 27. h4 a4 28. Bc2 Rf4 29. h5 gxh5 30. Rb7 Rf5 31. f4 Kh8 32. Ng3 Rc5 33. Bd3 h4 34. Ne4 Rf5 35. Nd6 Rd5 36.
Nxf7+ 1-0

[Event "Early-Titled-Tuesday-Blitz-January-16-2024"]
[Site "Chess.com"]
[Date "2024.01.16"]
[Round "6"]
[White "RCone"]
[Black "GMKrikor"]
[Result "0-1"]
[WhiteElo "2437"]
[BlackElo "2741"]
[TimeControl "180+1"]
[EndTime "9:10:34 PST"]
[Termination "GMKrikor won on time"]

1. e4 e6 2. d4 d5 3. e5 c5 4. c3 Nc6 5. Nf3 Bd7 6. dxc5 Bxc5 7.
b4 Bb6 8. b5 Na5 9. Bd3 Ne7 10.
O-O Ng6 11. a4 O-O 12. Re1 Rc8 13. Qc2 Nc4 14. Nbd2 Nxd2 15. Bxd2 Re8 16. h4 Nxh4 17. Bxh7+ Kf8 18. Nxh4 Qxh4 19. Be3 g6 20. Bxg6 fxg6 21. Qxg6 Bxe3 22. Rxe3 Rc4 23. Rf3+ Rf4 24. Rxf4+ Qxf4 25. Re1 Qf7 26. Qg5 Qg7 27. Qf4+ Kg8 28. Re3 Rf8 29. Qh4 Kf7 30. Rg3 Qxe5 0-1

[Event "Early-Titled-Tuesday-Blitz-January-16-2024"]
[Site "Chess.com"]
[Date "2024.01.16"]
[Round "6"]
[White "Zhigalko_Sergei"]
[Black "Andrey_Klymchuk"]
[Result "1-0"]
[WhiteElo "2961"]
[BlackElo "2801"]
[TimeControl "180+1"]
[EndTime "9:10:35 PST"]
[Termination "Zhigalko_Sergei won by resignation"]

1. e4 c6 2. d4 d5 3. e5 Bf5 4. Nf3 e6 5. Be2 Nd7 6. O-O a6 7. Nbd2 h6 8. c4 Ne7 9. c5 a5 10. a4 b6 11. Nb3 g5 12. Bd2 Ng6 13. Ne1 Nf4 14. Bxf4 gxf4 15. Bd3 Qg5 16. cxb6 Nxb6 17. Qc2 Kd7 18. Bxf5 exf5 19. Nf3 Qh5 20. e6+ fxe6 21. Ne5+ Ke7 22. Qxc6 Rg8 23. Qxb6 f3 24. Qb7+ Kf6 25.
g3 Bd6 26. Nc5 Rad8 27. Ncd7+ Rxd7 28. Nxd7+ Kg6 29. Qb3 Qg4 30. Ra3 Rd8 31. Ne5+ Bxe5 32. dxe5 Rb8 33. Qxb8 Qh3 34. Qg8+ Kh5 35. Rxf3 1-0

[Event "Early-Titled-Tuesday-Blitz-January-16-2024"]
[Site "Chess.com"]
[Date "2024.01.16"]
[Round "6"]
[White "CFN_Good_Evening"]
[Black "Payyappat"]
[Result "0-1"]
[WhiteElo "1879"]
[BlackElo "2446"]
[TimeControl "180+1"]
[EndTime "9:10:35 PST"]
[Termination "Payyappat won on time"]

1. d4 Nf6 2. Nc3 d5 3. Bf4 c5 4. e3 e6 5. Nb5 Na6 6. Nf3 c4 7. Nc3 Bd7 8. a3 Bc6 9. Be2 Bd6 10. Ne5 Qc7 11. O-O O-O 12. Bg3 b5 13. f4 Nd7 14. b4 Nab8 15. Nxd7 Nxd7 16. Qb1 a5 17. Qb2 axb4 18. axb4 Nf6 19. Bf3 Qe7 20. Na2 Ra4 21. c3 Rfa8 22. Rf2 Qa7 23. h4 Ra3 24. Bd1 Ne4 25.
Rc2 Nxg3 26. Bf3 Nf5 27. Re2 Nxh4 28. Bg4 Nf5 29. Bf3 Ne7 30. g4 Nc8 31. g5 Nb6 32. g6 fxg6 0-1

[Event "Early-Titled-Tuesday-Blitz-January-16-2024"]
[Site "Chess.com"]
[Date "2024.01.16"]
[Round "6"]
[White "laiciffOneslraCsungaM"]
[Black "masterofpuppets2"]
[Result "0-1"]
[WhiteElo "2373"]
[BlackElo "2532"]
[TimeControl "180+1"]
[EndTime "9:10:36 PST"]
[Termination "masterofpuppets2 won by resignation"]

1. d4 d5 2. Nc3 Nf6 3. Bf4 a6 4. e3 e6 5. g4 b5 6. h4 Bb7 7. Bg2 c5 8. Qf3 Nc6 9. Nge2 Qb6 10. O-O-O b4 11. Na4 Qa5 12. Nxc5 Bxc5 13. dxc5 Qxc5 14. Kb1 Ne4 15. Ng3 Nf6 16. g5 Nd7 17. Nh5 Rg8 18.
Qg3 O-O-O 19. Bd6 Qb6 20. Nf4 Nc5 21. Nd3 Na4 22. h5 a5 23. g6 hxg6 24. hxg6 f6 25. Bh3 Rde8 26. Ka1 Nd8 27. Rc1 Ba6 28. Rhd1 Kb7 29.
Bf4 Ka8 30. Ne5 fxe5 31. Bxe5 Nb7 32. Bc7 Qc6 33. Be5 Rc8 34. c3 bxc3 35. b3 Nac5 36. Rxc3 Qd7 37. Bg2 Bb5 38. a4 Bxa4 39. bxa4 Qxa4+ 40. Kb2 Qxd1 0-1

[Event "Early-Titled-Tuesday-Blitz-January-16-2024"]
[Site "Chess.com"]
[Date "2024.01.16"]
[Round "6"]
[White "dzilleruelo"]
[Black "cristianserban1"]
[Result "0-1"]
[WhiteElo "2361"]
[BlackElo "2530"]
[TimeControl "180+1"]
[EndTime "9:10:36 PST"]
[Termination "cristianserban1 won by checkmate"]

1. e4 c5 2. Nf3 d6 3. d4 cxd4 4. Qxd4 Nf6 5. Be2 Nc6 6. Qe3 g6 7. O-O Bg7 8. Rd1 O-O 9. e5 Ng4 10. Qb3 Ngxe5 11. Nxe5 Nxe5 12. Nc3 Nc6 13. Be3 Qa5 14.
Nd5 Be6 15. Bf3 Ne5 16. Nxe7+ Kh8 17. Qxb7 Rab8 18. Qxa7 Nxf3+ 19. gxf3 Qh5 20. Bd4 Bh3 21. Bxg7+ Kxg7 22. Qd4+ f6 23. Qf4 Rb5 24. Kh1 Re8 25. Rxd6 Rxe7 26. Qxf6+ Kh6 27. Qf8+ Rg7 28. Qf4+ Rg5 29.
Rg1 Rf7 30. Qxg5+ Qxg5 31. Rxg5 Kxg5 32. Rd3 Re7 33. f4+ Kg4 34. Rg3+ Kh4 35. Re3 Rf7 36. a4 Rxf4 37. Kg1 Rxa4 38. f3 Ra1+ 39. Kf2 Bf5 40. c4 Rh1 41. Kg2 Rc1 42. b3 Rc2+ 43. Kf1 Kg5 44.
Re5 Kf4 45. Rb5 Kxf3 46. Ke1 Rxh2 47. c5 Ke3 48. b4 Rh1# 0-1

[Event "Early-Titled-Tuesday-Blitz-January-16-2024"]
[Site "Chess.com"]
[Date "2024.01.16"]
[Round "6"]
[White "Allion2017"]
[Black "alvarorodriguezavila"]
[Result "1-0"]
[WhiteElo "2043"]
[BlackElo "2302"]
[TimeControl "180+1"]
[EndTime "9:10:36 PST"]
[Termination "Allion2017 won on time"]

1. d4 Nf6 2. c4 Nc6 3. Nc3 e5 4.
Nf3 exd4 5. Nxd4 Bb4 6. Nxc6 bxc6 7. Bd2 d5 8. e3 O-O 9. a3 Bc5 10. Be2 Bf5 11. O-O a5 12. h3 Re8 13. Bf3 h6 14. Rc1 Bd3 15. Re1 Bxc4 16. b3 Bd3 17. Nxd5 cxd5 18. Rxc5 a4 19. Ba5 Qd6 20. Bb4 Be4 21. bxa4 Bxf3 22. Qxf3 Rxa4 23. Rd1 Qd7 24. Rdc1 Ra7 25.
Rc6 Re6 26. Rxe6 fxe6 27. Qf4 c6 28. Qb8+ Kh7 29. Rxc6 Rb7 30. Qc8 Qxc8 31. Rxc8 Kg6 32. f4 Ne4 33. Kf1 Kf5 34. Ke2 g5 35. g4+ Kg6 36. Rg8+ Kh7 37. Rf8 Kg7 38. Re8 Kf7 39.
Rf8+ Kg7 40. Rc8 Kg6 41. Kf3 1-0

[Event "Early-Titled-Tuesday-Blitz-January-16-2024"]
[Site "Chess.com"]
[Date "2024.01.16"]
[Round "6"]
[White "ChessSwole"]
[Black "nindjaxx8"]
[Result "0-1"]
[WhiteElo "2697"]
[BlackElo "2579"]
[TimeControl "180+1"]
[EndTime "9:10:37 PST"]
[Termination "nindjaxx8 won by resignation"]

1. e4 e6 2. d4 d5 3. Nc3 Bb4 4.
exd5 exd5 5. Bd3 Nf6 6. Ne2 O-O 7. O-O c6 8. h3 Nbd7 9. f4 Re8 10. f5 Qb6 11. Bg5 Bd6 12. Qe1 Qxb2 13. Rb1 Qa3 14. Qh4 Qa5 15. Rbe1 b5 16. Bd2 Qc7 17. Nf4 Bb7 18.
a4 b4 19. Nd1 a5 20. Nf2 c5 21. Bb5 Bc6 22. Ng4 Bxb5 23. axb5 cxd4 24. Nh5 Be5 25. Nxg7 Kxg7 26. Bh6+ Kh8 27. Nxe5 Rxe5 28. Bf4 Rae8 29. b6 Qxb6 30. Rxe5 Rxe5 31. Bxe5 Nxe5 32. Kh1 d3 33. cxd3 Nxd3 34. Qg3 Qd4 35. Kh2 b3 36. Qb8+ Kg7 37. Qxb3 Qe5+ 38. Kh1 Qe3 39. Qb8 Ne4 40. f6+ Nxf6 41. Rf3 Qe1+ 42. Kh2 Qe5+ 43. Rg3+ Ng4+ 44.
hxg4 Qxb8 45. g5 Qxg3+ 46. Kxg3 a4 47. g6 fxg6 0-1

[Event "Early-Titled-Tuesday-Blitz-January-16-2024"]
[Site "Chess.com"]
[Date "2024.01.16"]
[Round "6"]
[White "GiorgianBarbosa"]
[Black "Arimin1329"]
[Result "1-0"]
[WhiteElo "2607"]
[BlackElo "2414"]
[TimeControl "180+1"]
[EndTime "9:10:37 PST"]
[Termination "GiorgianBarbosa won by checkmate"]

1. c4 Nf6 2. g3 e6 3. Bg2 d5 4. Nf3 Be7 5. O-O O-O 6. d4 c6 7.
Qc2 b6 8. a4 Ba6 9. b3 Nbd7 10.
Ba3 Rc8 11. a5 Bxa3 12. Rxa3 Bb7 13. axb6 axb6 14. Ra7 Qc7 15. Nc3 Ra8 16. Rfa1 Rxa7 17. Rxa7 Ra8 18. Qa2 Rxa7 19. Qxa7 Qb8 20. Qa3 dxc4 21.
bxc4 c5 22. e3 h6 23. Nb5 Bc6 24. Qb3 Qa8 25. Nh4 Qa1+ 26. Bf1 Be4 27. Nd6 Bc6 28.
d5 exd5 29. Nhf5 Qe5 30. Nc8 Kh8 31. Nfd6 Qe6 32. Bd3 Ne5 33. Bf5 dxc4 34. Qb2 Qd5 35. e4 Qd4 36. Qxb6 Ned7 37. Qd8+ Ng8 38. Nxf7# 1-0

[Event "Early-Titled-Tuesday-Blitz-January-16-2024"]
[Site "Chess.com"]
[Date "2024.01.16"]
[Round "6"]
[White "PawnEatingZombie"]
[Black "queen_iryna"]
[Result "1-0"]
[WhiteElo "2147"]
[BlackElo "2332"]
[TimeControl "180+1"]
[EndTime "9:10:37 PST"]
[Termination "PawnEatingZombie won on time"]

1. e4 d6 2. d4 Nf6 3. Bd3 e5 4. c3 d5 5. dxe5 Nxe4 6. Nf3 Nc6 7. O-O Bg4 8. Nbd2 Nc5 9. Bb1 Be7 10. b4 Ne6 11.
Qa4 Qd7 12. b5 Nb8 13. Qxg4 a6 14. bxa6 Nxa6 15. Nb3 h5 16. Qf5 g6 17. Qc2 c5 18.
c4 Nb4 19. Qe2 d4 20. Ne1 g5 21. Nd3 Nxd3 22. Bxd3 h4 23. Bd2 h3 24. g3 Rg8 25.
Kh1 g4 26. f4 Qc7 27. Qe4 Ra3 28.
f5 Ng5 29. Bxg5 Rxg5 30. Rae1 b5 31. f6 Bf8 32. e6 bxc4 33. Bxc4 Qa7 34. exf7+ Kd7 35.
Qe8+ Kc7 36. Re7+ Bxe7 37. Qxe7+ Kb6 38. Qxa7+ Rxa7 39. f8=Q Rxa2 40. Qd6+ Kb7 41. Bd5+ 1-0

[Event "Early-Titled-Tuesday-Blitz-January-16-2024"]
[Site "Chess.com"]
[Date "2024.01.16"]
[Round "6"]
[White "TregubovP"]
[Black "FormerProdigy"]
[Result "0-1"]
[WhiteElo "2682"]
[BlackElo "3003"]
[TimeControl "180+1"]
[EndTime "9:10:38 PST"]
[Termination "FormerProdigy won on time"]

1. e4 c6 2. Nf3 d5 3. Nc3 Bg4 4. h3 Bxf3 5. Qxf3 Nf6 6. g3 e6 7. Bg2 Bc5 8. O-O Nbd7 9. d3 O-O 10. Kh2 a5 11. Qe2 Bd4 12. Qe1 a4 13. Ne2 Ba7 14.
Bd2 e5 15. exd5 Nxd5 16. Nc3 N5f6 17. Nxa4 Bxf2 18. Qxf2 Rxa4 19. b3 Rg4 20. Qf5 Rg6 21. a4 Nd5 22. a5 Ne7 23. Qe4 f5 24. Qb4 f4 25. gxf4 Rxg2+ 26. Kxg2 Nd5 27. Qe4 N7f6 28.
Qe2 exf4 29. c4 Re8 30. Qf3 Ne3+ 31. Bxe3 fxe3 32. Qe2 Qd4 0-1

[Event "Early-Titled-Tuesday-Blitz-January-16-2024"]
[Site "Chess.com"]
[Date "2024.01.16"]
[Round "6"]
[White "Actuary44"]
[Black "Ezov"]
[Result "1-0"]
[WhiteElo "2487"]
[BlackElo "2236"]
[TimeControl "180+1"]
[EndTime "9:10:39 PST"]
[Termination "Actuary44 won on time"]

1. e4 e6 2. d4 d5 3. Nc3 Bb4 4. e5 c5 5. dxc5 Nc6 6. f4 Nge7 7. Nf3 Bxc5 8. Bd3 g6 9. Qe2 Nb4 10. Bd2 Nxd3+ 11. Qxd3 Nf5 12. g4 Nh4 13. Ng5 h6 14.
Nxe6 Bxe6 15. Qb5+ Qd7 16. Qxc5 Nf3+ 17. Kd1 Rc8 18. Qb5 Bxg4 19. Qxd7+ Kxd7 20. Nxd5 Nxe5+ 21. Kc1 Bf3 22. Nf6+ Ke6 23. Rf1 Nd3+ 24. Kb1 Be2 25. Rg1 Kxf6 26. Bc3+ Rxc3 27. bxc3 Nxf4 28. Kb2 g5 29. Rg3 h5 30. Ka3 h4 31. Re3 Bc4 32. Rd1 b5 33. Rd6+ Kf5 34. Ra6 g4 35. Rxa7 Rg8 36.
Re1 g3 37. hxg3 hxg3 38. Kb4 g2 39. Rg1 1-0

[Event "Early-Titled-Tuesday-Blitz-January-16-2024"]
[Site "Chess.com"]
[Date "2024.01.16"]
[Round "6"]
[White "HATilay"]
[Black "GothamChess"]
[Result "0-1"]
[WhiteElo "2570"]
[BlackElo "2719"]
[TimeControl "180+1"]
[EndTime "9:10:42 PST"]
[Termination "GothamChess won by resignation"]

1. d4 d5 2. c4 dxc4 3. Nf3 Nf6 4. e3 Bg4 5. h3 Bh5 6. g4 Bg6 7. Ne5 e6 8. Bxc4 Be4 9. f3 Bd5 10. Be2 Nfd7 11. Nd3 c5 12. e4 Bc6 13. Be3 cxd4 14.
Bxd4 Bd6 15. Bxg7 Bg3+ 16. Kf1 Rg8 17. Bd4 Na6 18. Nc3 Qe7 19. Rg1 Bh4 20. Qc2 f5 21. exf5 exf5 22. Bf2 O-O-O 23. Nb5 Kb8 24. Nxa7 Bd5 25.
Nb5 Bxf2 26. Nxf2 fxg4 27. hxg4 Rgf8 28. Qd3 Ne5 29. Qd4 Nc5 30. b4 Bxf3 31. Qxc5 Bxe2+ 32. Kxe2 Rxf2+ 33. Kxf2 Nd3+ 34. Kg2 Nxc5 35. bxc5 Qe2+ 0-1

[Event "Early-Titled-Tuesday-Blitz-January-16-2024"]
[Site "Chess.com"]
[Date "2024.01.16"]
[Round "6"]
[White "Ducke13"]
[Black "Alenzer"]
[Result "0-1"]
[WhiteElo "2326"]
[BlackElo "2132"]
[TimeControl "180+1"]
[EndTime "9:10:43 PST"]
[Termination "Alenzer won on time"]

1. d4 d5 2. g3 g6 3. Bg2 Bg7 4. Nf3 Nf6 5. c4 c6 6. cxd5 cxd5 7. Nc3 O-O 8. Ne5 Nc6 9. O-O e6 10. Nxc6 bxc6 11. Bf4 Qb6 12. Na4 Qb4 13. a3 Qa5 14. b4 Qd8 15. Rc1 a5 16. Rxc6 axb4 17. Nb6 Bd7 18. Rd6 Rxa3 19. Be5 Ra6 20. Bxf6 Bxf6 21. Rxd7 Qxb6 22. e3 Qc6 23. Qe2 Rfa8 24. Qf3 Qxd7 25.
Qxf6 b3 26. h4 h5 27. g4 Qd8 28. Qe5 hxg4 29. h5 b2 30. h6 Qf8 31. e4 Ra1 32. exd5 Rxf1+ 33. Bxf1 b1=Q 34. dxe6 fxe6 35. Qxe6+ Qf7 36. Qc6 Rf8 0-1

[Event "Early-Titled-Tuesday-Blitz-January-16-2024"]
[Site "Chess.com"]
[Date "2024.01.16"]
[Round "6"]
[White "Alexei_Gubajdullin"]
[Black "MatthewG-p4p"]
[Result "1-0"]
[WhiteElo "2646"]
[BlackElo "2899"]
[TimeControl "180+1"]
[EndTime "9:10:45 PST"]
[Termination "Alexei_Gubajdullin won by checkmate"]

1. d4 Nf6 2. Nf3 c5 3. c3 d5 4. Bf4 Nc6 5. e3 Qb6 6. Qc1 Bf5 7. Nbd2 e6 8. Be2 h6 9. O-O Be7 10. Bd1 Rc8 11. Bc2 Bxc2 12. Qxc2 cxd4 13. cxd4 O-O 14.
Qb3 Qa6 15. Rfc1 Nb4 16. Rc3 Ne4 17. Nxe4 dxe4 18. Ne5 Qe2 19. Bg3 b6 20. h3 Nd5 21.
Rc6 Nb4 22. Rxe6 fxe6 23. Qxe6+ Kh7 24. Qxe7 Qxb2 25. Rf1 Nd5 26. Qe6 Nf6 27. Ng4 Nxg4 28. Qxe4+ Kh8 29. hxg4 Qxa2 30. Be5 Qf7 31. f4 Kg8 32.
Ra1 a5 33. Rb1 a4 34. Rxb6 a3 35. Ra6 a2 36. Kh2 Rc1 37. d5 Qe7 38. g5 a1=Q 39. Rxh6 gxh6 40. Qg6+ Qg7 41. Qxg7# 1-0

[Event "Early-Titled-Tuesday-Blitz-January-16-2024"]
[Site "Chess.com"]
[Date "2024.01.16"]
[Round "6"]
[White "R2D2PTY"]
[Black "Alex_Terzi"]
[Result "0-1"]
[WhiteElo "2228"]
[BlackElo "2413"]
[TimeControl "180+1"]
[EndTime "9:10:45 PST"]
[Termination "Alex_Terzi won on time"]

1. e4 c5 2. Nc3 Nc6 3. Bb5 g6 4. Bxc6 bxc6 5. d3 Bg7 6. f4 d5 7. Nf3 dxe4 8. Nxe4 Qd5 9. O-O Nf6 10. c4 Qh5 11. Be3 Nxe4 12. dxe4 O-O 13. e5 Be6 14. Qe2 Bh6 15. Rae1 Rfe8 16. Nd2 Qxe2 17. Rxe2 Rab8 18. b3 Bf5 19. Ree1 Bd3 20. Rf2 Rb6 21. Bxc5 Ra6 22. a4 g5 23. f5 g4 24. g3 Bc2 25.
Be3 Bxe3 26. Rxe3 Rd8 27. Rc3 Bd1 28. Nf1 Bf3 29. Nd2 Bd1 30. Nf1 Bf3 31. h3 h5 32.
hxg4 Bxg4 33. Ne3 Rb6 34. Nxg4 hxg4 35. Rf4 Rdb8 36. Rxg4+ Kf8 0-1

[Event "Early-Titled-Tuesday-Blitz-January-16-2024"]
[Site "Chess.com"]
[Date "2024.01.16"]
[Round "6"]
[White "mertfelin"]
[Black "PavelChernomordik"]
[Result "0-1"]
[WhiteElo "2225"]
[BlackElo "2411"]
[TimeControl "180+1"]
[EndTime "9:10:45 PST"]
[Termination "PavelChernomordik won by resignation"]

1. e4 g6 2. d4 Bg7 3. Nf3 d6 4.
Be3 c5 5. Bb5+ Bd7 6. Bxd7+ Nxd7 7. O-O Qc7 8. Re1 Ngf6 9. e5 dxe5 10. dxe5 Ng4 11. Bf4 Ngxe5 12. Nxe5 Bxe5 13. Bxe5 Nxe5 14. Qe2 Nc6 15. Nc3 O-O-O 16. Nb5 Qb6 17. c3 Rd7 18. Rad1 Rhd8 19. Rxd7 Rxd7 20. h3 Qd8 21. Qg4 f5 22. Qa4 a6 23. Na3 Qb6 24. Nc4 Qb5 25. Qxb5 axb5 26. Nb6+ Kc7 27. Nxd7 Kxd7 28. f4 e6 29. Kf2 Ne7 30. Rd1+ Kc7 31. Kf3 Nd5 32. g4 Nb6 33. gxf5 exf5 34. b3 Nc8 35. Rd5 b6 36. h4 Nd6 37. Rd1 Ne4 38. c4 b4 39.
Re1 Kd6 40. Rd1+ Ke6 41. Rd5 Nc3 42. Rd2 h6 43. Rg2 Kf6 44. Rd2 Ne4 45. Rd8 Nc3 46.
Rb8 Nxa2 47. Rxb6+ Kf7 48. Rc6 Nc1 49. Rxc5 Nxb3 50.
Rc7+ Ke6 51. Rc6+ Kf7 52. Rb6 Nd2+ 53. Ke3 Nxc4+ 0-1

[Event "Early-Titled-Tuesday-Blitz-January-16-2024"]
[Site "Chess.com"]
[Date "2024.01.16"]
[Round "6"]
[White "Shield12"]
[Black "MyDream003"]
[Result "1/2-1/2"]
[WhiteElo "3003"]
[BlackElo "2868"]
[TimeControl "180+1"]
[EndTime "9:10:46 PST"]
[Termination "Game drawn by repetition"]

1. e4 c5 2. Nf3 d6 3. d4 cxd4 4.
Nxd4 Nf6 5. Nc3 a6 6. a4 e6 7. Bd3 Be7 8. O-O O-O 9. Be3 Nc6 10. Nxc6 bxc6 11. a5 Nd7 12. Na4 Bb7 13. Nb6 Nxb6 14.
Bxb6 Qd7 15. Qe2 Rae8 16. Bxa6 c5 17. Rfd1 Bxa6 18. Qxa6 Qc6 19. Qc4 Bf6 20. c3 Bd8 21. Bxd8 Rxd8 22. b4 Rb8 23. a6 Rfc8 24. a7 Ra8 25. Ra6 Qb7 26. b5 Rxa7 27. Raxd6 h6 28. h3 Ra5 29. b6 Ra6 30. Qb5 Rb8 31. Rd8+ Rxd8 32. Rxd8+ Kh7 33. Rd6 Ra1+ 34. Kh2 Qxe4 35. Qd3 Qxd3 36. Rxd3 Rb1 37. Rd7 Rxb6 38. Rxf7 Rb3 39.
Rf3 Kg6 40. Kg3 e5 41. h4 e4 42. Re3 Kf5 43. f3 exf3 44. Kxf3 h5 45. Kg3 c4 46. Kf3 g6 47. Kg3 Ra3 48. Kf3 Rb3 49.
Kg3 Ra3 50. Kf3 Rb3 1/2-1/2

[Event "Early-Titled-Tuesday-Blitz-January-16-2024"]
[Site "Chess.com"]
[Date "2024.01.16"]
[Round "6"]
[White "scarabee43"]
[Black "sergeikim"]
[Result "1-0"]
[WhiteElo "2811"]
[BlackElo "2614"]
[TimeControl "180+1"]
[EndTime "9:10:47 PST"]
[Termination "scarabee43 won by resignation"]

1. Nf3 Nf6 2. c4 g6 3. Nc3 Bg7 4. e4 d6 5. d4 O-O 6. Bg5 Nbd7 7.
Be2 e5 8. O-O exd4 9. Nxd4 Re8 10. Qd2 c6 11. Rad1 a5 12. Rfe1 a4 13. Bf1 Qa5 14.
Nc2 Re6 15. Bh4 Nc5 16. f3 Nfd7 17. Bf2 Ne5 18. h3 Ned7 19. Bg3 Ne5 20. f4 Ned7 21. f5 Re8 22. Bxd6 Qb6 23. Kh2 Qxb2 24. e5 Qb6 25. f6 Bf8 26. Qd4 Ne6 27. Qxb6 Nxb6 28. Ne4 Nd7 29. Ne3 Ndc5 30. Bxf8 Rxf8 31. Nd6 a3 32. Ng4 h5 33. Nh6+ Kh7 34. Nhxf7 Kg8 35. Nxc8 Rfxc8 36. Nd6 Rc7 37. h4 Kf8 38. g3 Ra4 39.
Rb1 Nd4 40. Bg2 Nde6 41. Bh3 Nd8 42. e6 Ndxe6 43. Bxe6 Nxe6 44. Rxe6 1-0

[Event "Early-Titled-Tuesday-Blitz-January-16-2024"]
[Site "Chess.com"]
[Date "2024.01.16"]
[Round "6"]
[White "UNSTOPPABLE_LEGEND"]
[Black "adotand"]
[Result "0-1"]
[WhiteElo "2517"]
[BlackElo "2871"]
[TimeControl "180+1"]
[EndTime "9:10:47 PST"]
[Termination "adotand won by resignation"]

1. d4 Nf6 2. c4 g6 3. Nc3 Bg7 4. e4 d6 5. h3 O-O 6. Be3 a5 7. Nf3 Nc6 8. d5 Nb8 9. Be2 c6 10. O-O Na6 11. Rc1 Bd7 12. a3 a4 13. Nd4 Qa5 14. Bd2 Qb6 15. Nc2 Nc5 16. Be3 Qxb2 17. Bd4 Qb6 18. Rb1 Qa5 19. Nb4 Nb3 20. Be3 c5 21. Nba2 Qa6 22. f4 e6 23. e5 Ne8 24.
Ne4 dxe5 25. Nxc5 Qa7 26. Nxd7 Qxe3+ 27. Kh1 Nd2 28. Nxf8 Nxf1 29. Bxf1 Bxf8 30. dxe6 fxe6 31. fxe5 Qxe5 32. Rb5 Qf4 33. Qd7 Qxf1+ 34. Kh2 Bd6+ 35. g3 Qf2+ 36. Kh1 Qe1+ 37. Kg2 Qxg3+ 38. Kf1 Qf3+ 39.
Ke1 Qf7 40. Qxf7+ Kxf7 41. Rxb7+ Kf6 42. Nc3 Bxa3 43. Ne4+ Ke5 44. Nc3 Nd6 45. Rc7 Bb4 46. Kd2 Ne4+ 0-1

[Event "Early-Titled-Tuesday-Blitz-January-16-2024"]
[Site "Chess.com"]
[Date "2024.01.16"]
[Round "6"]
[White "talaicito"]
[Black "agvega14"]
[Result "1-0"]
[WhiteElo "2281"]
[BlackElo "2125"]
[TimeControl "180+1"]
[EndTime "9:10:47 PST"]
[Termination "talaicito won on time"]

1. d4 d5 2. Nc3 Nf6 3. Bf4 e6 4. e3 Bb4 5. Bd3 O-O 6. a3 Bd6 7. Nf3 a6 8. O-O c5 9. dxc5 Bxc5 10. e4 dxe4 11. Nxe4 Nxe4 12. Bxe4 Qxd1 13. Raxd1 Nc6 14. Bd6 Bxd6 15. Rxd6 Rb8 16. b4 Ne7 17. c4 h6 18.
Rfd1 f6 19. Rd8 Kf7 20. Rxf8+ Kxf8 21. Rd8+ Kf7 22. g4 g5 23. Rh8 f5 24. Bc2 Kg7 25. Re8 Kf7 26. Rd8 Nc6 27. Rd6 fxg4 28. Nd2 Ke7 29. c5 Bd7 30. Nc4 Rd8 31. Bd1 h5 32. Kg2 Be8 33. Kg3 Bg6 34. Ba4 Rxd6 35. cxd6+ Kd8 36. b5 axb5 37. Bxb5 Nd4 38. Ba4 Bf5 39. Ne5 h4+ 40. Kg2 1-0